 Dungeon Crawl Stone Soup version bcrawl-1.12.2 (webtiles) character file.

Game seed: 16294761618635974811

190 Ebbett the Scratcher (level 5, -3/42 HPs)
             Began as a Felid Berserker on July 24, 2019.
             Was a Believer of Trog.
             Slain by a worker ant (7 damage)
             ... on level 4 of the Dungeon.
             The game lasted 00:06:07 (2320 turns).

Ebbett the Scratcher (Felid Berserker)              Turns: 2320, Time: 00:06:07

Health: -3/42      AC:  1    Str: 19    XL:     5   Next: 69%
Magic:  6/6        EV: 20    Int:  9    God:    Trog [**....]
Gold:   206        SH:  0    Dex: 15    Spells: 4/4 levels left
                                        Lives:  0   Deaths: 1

rFire    . . .     SeeInvis +     - Unarmed
rCold    . . .     Gourm    .   (shield unavailable)
rNeg     . . .     Faith    .   (armour unavailable)
rPois    .         Spirit   .   (helmet unavailable)
rElec    .         Reflect  .   (cloak restricted)
rCorr    .         Harm     .   (gloves unavailable)
MR       .....                  (boots unavailable)
Stlth    ..........             (no amulet)
HPRegen  0.14/turn              (no ring)
MPRegen  0.10/turn              (no ring)

@: berserking, lethally poisoned (-3 -> -6), very quick
A: very small, no armour, no weapons or thrown items, stealth, claws 1, fangs 3,
see invisible, carnivore, speed 1, shaggy fur 1, slow metabolism 1, sharp paws
a: Berserk, Trog's Hand, Renounce Religion


You were on level 4 of the Dungeon.
You worshipped Trog.
Trog was pleased with you.
You were full.

You visited 1 branch of the dungeon, and saw 4 of its levels.

You collected 206 gold pieces.

Inventory:

Scrolls
 a - 6 scrolls of remove curse {unknown}
 e - a scroll of enchant weapon {unknown}
 f - 2 scrolls of amnesia {unknown}
 g - a scroll of magic mapping {unknown}
 i - a scroll of enchant armour {unknown}
 l - a scroll of fear {unknown}
 m - a scroll of identify {unknown}
Potions
 b - 2 potions of degeneration {unknown}
 c - a potion of heal wounds {unknown}
 d - a potion of haste {unknown}
 h - a potion of curing {unknown}
 j - 2 potions of mutation {unknown}
Comestibles
 k - 2 rations {!d}


   Skills:
 + Level 3.6 Fighting
 + Level 5.2 Dodging
 + Level 2.1 Stealth
 + Level 6.6 Unarmed Combat


You had 4 spell levels left.
You didn't know any spells.
Your spell library contained the following spells:

 Spells                   Type           Power        Failure   Level  Hunger
 Confuse                  Hex            #.......     77%         3    ####...
 Dazzling Spray           Conj/Hex       #.....       77%         3    ####...
 Petrify                  Tmut/Erth      #.......     99%         4    #####..
 Yara's Violent Unravell  Hex/Tmut       #.........   99%         4    #####..
 Metabolic Englaciation   Hex/Ice        #.........   100%        5    ######.
 Mana Rupture             Conj/Hex       #.........   100%        7    #######


Dungeon Overview and Level Annotations

Branches:
Dungeon (4/12)
 Temple: D:4-7

Altars:
Ashenzari


Innate Abilities, Weirdness & Mutations

You cannot wear almost all types of armour.
You are incapable of wielding weapons or throwing items.
Your paws allow you to move quietly. (Stealth)
You have sharp claws.
You have razor-sharp teeth.
You have supernaturally acute eyesight. (SInv)
You are carnivorous and can eat meat at any time.
You cover ground quickly.
You are covered in fur. (AC +1)
You have a slow metabolism.
Your sharp claws are effective at attacking unaware monsters.


Message History

The hound is almost dead.
The hound bites you.
You completely miss the hound. You claw the hound, but do no damage.
The hound is almost dead.
The hound bites you. The worker ant bites you.
* * * LOW HITPOINT WARNING * * *
A scorpion comes into view.
A red film seems to cover your vision as you go berserk!
You feel yourself moving faster!
You feel mighty! The hound completely misses you. The worker ant bites you.
* * * LOW HITPOINT WARNING * * *
You are poisoned.
The worker ant poisons you! The hound bites you.
* * * LOW HITPOINT WARNING * * *
You barely miss the hound. You bite the hound.
You kill the hound!
Trog accepts your kill.
* * * LOW HITPOINT WARNING * * *
You feel sick. The worker ant bites you!
You die...

#...#.##..#.#.#
#...#.##....#.#
#####.####.##.#######
.. #.##.......#
#########..#..####.#
#..........#....#
#............##.#
##.#.........#..##.#
...s...@.....#).##.##
......a......#......#
....##.#######..#####
... #. ##...<...# ..
#+ #.####### #.# #.#
#.# #>#


You could see a scorpion and a worker ant.

Vanquished Creatures
  2 sky beasts
  A hound (D:4)
  An orc priest (D:3)
  Terence (D:2)
  A worker ant (D:4)
  An adder (D:3)
  5 worms
  2 dart slugs
  7 leopard geckos
  7 orcs (D:3)
  6 bats
  2 giant cockroaches (D:1)
  5 goblins
  10 hobgoblins
  3 jackals (D:1)
  2 quokkas
  2 frilled lizards
  6 kobolds
  5 rats
69 creatures vanquished.

Notes
Turn   | Place    | Note
-------+----------+-------------------------------------------
     0 | D:1      | Ebbett the Felid Berserker began the quest for the Orb.
     0 | D:1      | Reached XP level 1. HP: 12/12 MP: 2/2
   114 | D:1      | Reached XP level 2. HP: 6/16 MP: 3/3
   254 | D:1      | Reached skill level 4 in Unarmed Combat
   930 | D:2      | Reached XP level 3. HP: 20/20 MP: 4/4
   950 | D:2      | Found a shattered altar of Ashenzari.
   978 | D:2      | Reached ** piety under Trog
  1054 | D:2      | Reached skill level 1 in Stealth
  1054 | D:2      | Reached skill level 5 in Unarmed Combat
  1054 | D:2      | Reached XP level 4. HP: 23/24 MP: 5/5
  1054 | D:2      | Noticed a sky beast
  1064 | D:2      | Killed a sky beast
  1296 | D:2      | Noticed Terence
  1309 | D:2      | Killed Terence
  1393 | D:2      | Found a shattered altar of Ashenzari.
  1594 | D:3      | Reached XP level 5. HP: 21/28 MP: 6/6
  1602 | D:3      | Killed from afar by an orc priest
  1603 | D:3      | Reached XP level 4. HP: 0/24 MP: 5/5
  1627 | D:3      | HP: 1/24 [orc/+0 hand axe (2)]
  1715 | D:3      | Reached skill level 5 in Dodging
  1818 | D:3      | Reached skill level 6 in Unarmed Combat
  1818 | D:3      | Reached XP level 5. HP: 28/28 MP: 6/6
  1818 | D:3      | Noticed a sky beast
  1829 | D:3      | Killed a sky beast
  2320 | D:4      | Slain by a worker ant

Skill      XL: |  1  2  3  4  5 |
---------------+----------------+-----
Unarmed Combat | 4 5 6 |  6.6
Stealth        | 1 2 |  2.1
Dodging        | 5 |  5.2
Fighting       | |  3.6

Action                   |  1- 3 |  4- 6 || total
-------------------------+-------+-------++-------
Melee: Unarmed           |    79 |   102 ||   181
       Bite              |     5 |    16 ||    21
       Punch             |     1 |     5 ||     6
Invok: Berserk           |     3 |     7 ||    10
       Trog's Hand       |       |     1 ||     1
 Stab: Sleeping          |     2 |       ||     2
  Eat: Chunk             |     8 |    11 ||    19
       Ration            |     1 |       ||     1
Armor: Skin              |       |     4 ||     4
Dodge: Dodged            |    64 |    66 ||   130
